[Event "Titled Tuesday Blitz March 07 Early 2023"]
[White "Kopczynski, Michal"]
[Black "Tsatsalashvili, Keti"]
[WhiteFideId "1124200"]
[BlackFideId "13603434"]
[WhiteElo "2212"]
[BlackElo "2220"]
[Result "1-0"]
[Round "07"]
[TimeControl "180+2"]
[Date "2023.03.07"]
[WhiteClock "0:02:32"]
[BlackClock "0:01:02"]

1. e4 c5 2. d4 cxd4 3. c3 dxc3 4. Nxc3 Nc6 5. f4 e6 6. Nf3 Bc5 7. Bd3 a6 8. Qe2 Nge7 9. Bd2 O-O 10. O-O-O b5 11. e5 g6 12. Ne4 Qb6 13. Nf6+ Kg7 14. h4 Nd4 15. Nxd4 Bxd4 16. h5 g5 17. Qg4 h6 18. fxg5 Bxe5 19. gxh6+ Kh8 20. Qg7# 1-0


[Site "https://www.chess.com"]

[Event "Titled Tuesday Blitz March 07 Early 2023"]
[White "Ezat, Mohamed"]
[Black "Lauridsen, Jesper Morch"]
[WhiteFideId "10600906"]
[BlackFideId "1401890"]
[WhiteElo "2386"]
[BlackElo "2295"]
[Result "1-0"]
[Round "07"]
[TimeControl "180+2"]
[Date "2023.03.07"]
[WhiteClock "0:00:03"]
[BlackClock "0:00:01"]

1. d4 d5 2. c4 e6 3. Nc3 c5 4. cxd5 exd5 5. Nf3 Nf6 6. Bf4 Nc6 7. e3 cxd4 8. Nxd4 Bb4 9. Rc1 Ne4 10. Bd3 Nxd4 11. exd4 Nxc3 12. bxc3 Qe7+ 13. Be3 Bd6 14. O-O Qh4 15. g3 Qh3 16. Qf3 Bg4 17. Bb5+ Kf8 18. Qxd5 Rd8 19. Bg5 Be7 20. Bxe7+ Kxe7 21. Qg5+ f6 22. Qxg7+ Kd6 23. Qxf6+ Kc7 24. Qe5+ Kc8 25. Rfe1 Rhf8 26. Bf1 Qh6 27. Bg2 Qd2 28. Rf1 Be2 29. Qe4 Rd7 30. Rc2 Qd3 31. Qxe2 Qf5 32. Qe3 Qxc2 33. Qe6 Kd8 34. Bh3 Qa4 35. Qxd7+ 1-0


[Site "https://www.chess.com"]

[Event "Titled Tuesday Blitz March 07 Early 2023"]
[White "UNSTOPPABLE_LEGEND"]
[Black "Alhadad, Mahmoud"]
[BlackFideId "11501863"]
[WhiteElo "2490"]
[BlackElo "1955"]
[Result "1-0"]
[Round "07"]
[TimeControl "180+2"]
[Date "2023.03.07"]
[WhiteClock "0:00:55"]
[BlackClock "0:00:18"]

1. d4 d5 2. c4 Nc6 3. Nf3 Bg4 4. e3 e6 5. Nc3 Bb4 6. a3 Bxc3+ 7. bxc3 Nf6 8. Rb1 O-O 9. cxd5 Qxd5 10. c4 Qa5+ 11. Qd2 Bxf3 12. Qxa5 Nxa5 13. gxf3 b6 14. Bd2 Nb7 15. c5 Rfd8 16. Ba6 Rab8 17. Ke2 Na5 18. Rhc1 Nd5 19. e4 Ne7 20. Be3 f5 21. Bg5 Re8 22. cxb6 Rxb6 23. Rxb6 cxb6 24. Bb5 Rc8 25. Bd7 Rxc1 26. Bxe6+ Kf8 27. Bxc1 fxe4 28. fxe4 Nec6 29. Kd3 Ke7 30. Ba2 Nb7 31. e5 h6 32. Ke4 Ncd8 33. d5 Nc5+ 34. Kd4 Nf7 35. d6+ Kf8 36. Kd5 Nxe5 37. Kxe5 Nd3+ 38. Ke6 Nxc1 39. d7 Nxa2 40. d8=Q# 1-0


[Site "https://www.chess.com"]

[Event "Titled Tuesday Blitz March 07 Early 2023"]
[White "Berkes, Ferenc"]
[Black "Tsyhanchuk, Stanislav"]
[WhiteFideId "718572"]
[BlackFideId "13505130"]
[WhiteElo "2664"]
[BlackElo "2173"]
[Result "1-0"]
[Round "07"]
[TimeControl "180+2"]
[Date "2023.03.07"]
[WhiteClock "0:01:01"]
[BlackClock "0:00:16"]

1. d4 Nf6 2. c4 Nc6 3. Nf3 e6 4. g3 Bb4+ 5. Nbd2 a5 6. Bg2 O-O 7. O-O d6 8. e4 e5 9. d5 Ne7 10. Qe2 a4 11. a3 Bc5 12. b4 axb3 13. Nxb3 Ba7 14. Rd1 h5 15. c5 Ne8 16. a4 f5 17. Ng5 Nf6 18. Ba3 f4 19. Ne6 Bxe6 20. dxe6 Nc8 21. gxf4 exf4 22. e5 Ng4 23. exd6 cxd6 24. h3 Nxf2 25. Qxf2 Qf6 26. Kh1 f3 27. Bf1 Qxe6 28. Nd4 Qf6 29. Nb5 Bxc5 30. Bxc5 dxc5 31. Qxc5 Nb6 32. Nd6 Nxa4 33. Qc4+ Kh8 34. Rxa4 Rxa4 35. Qxa4 f2 36. Qe4 Rd8 37. Nf7+ Qxf7 38. Rxd8+ Qg8 39. Rxg8+ Kxg8 40. Qxb7 g5 41. Kg2 g4 42. hxg4 hxg4 43. Bc4+ Kf8 44. Qf7# 1-0


[Site "https://www.chess.com"]

[Event "Titled Tuesday Blitz March 07 Early 2023"]
[White "Wilson, Elvin"]
[Black "Balla, Tamas-Kristof"]
[WhiteFideId "2014874"]
[BlackFideId "1208497"]
[WhiteElo "2283"]
[BlackElo "2334"]
[Result "0-1"]
[Round "07"]
[TimeControl "180+2"]
[Date "2023.03.07"]
[WhiteClock "0:00:38"]
[BlackClock "0:01:42"]

1. c4 c5 2. g3 Nc6 3. Bg2 g6 4. Nc3 Bg7 5. e4 e6 6. Nge2 Nge7 7. O-O O-O 8. d3 d6 9. Rb1 Nd4 10. a3 Nec6 11. b4 b6 12. e5 Bb7 13. exd6 Qxd6 14. Ne4 Qe7 15. bxc5 bxc5 16. Nxc5 Nxe2+ 17. Qxe2 Nd4 18. Qd1 Bxg2 19. Kxg2 Qxc5 20. Be3 Qc6+ 21. f3 Nf5 22. Bf2 Rab8 23. Qd2 Bd4 0-1


[Site "https://www.chess.com"]

[Event "Titled Tuesday Blitz March 07 Early 2023"]
[White "Rottenwohrer Suarez, Juan"]
[Black "Smith, Garrett L"]
[WhiteFideId "32068182"]
[BlackFideId "2024829"]
[WhiteElo "2174"]
[BlackElo "2274"]
[Result "1-0"]
[Round "07"]
[TimeControl "180+2"]
[Date "2023.03.07"]
[WhiteClock "0:01:43"]
[BlackClock "0:01:40"]

1. Nf3 c5 2. g3 Nc6 3. Bg2 e5 4. c4 Nf6 5. O-O d6 6. Nc3 Be6 7. d3 h6 8. a3 Be7 9. b4 cxb4 10. axb4 Nxb4 11. Qa4+ Nc6 12. Ba3 O-O 13. Rfb1 Rb8 14. Ne1 Qd7 15. Nc2 a6 16. Nb4 Nd4 17. Qxd7 Bxd7 18. e3 Ne6 19. Nbd5 1-0


[Site "https://www.chess.com"]

[Event "Titled Tuesday Blitz March 07 Early 2023"]
[White "Zaichenko, Daria"]
[Black "Bowden, Karl"]
[WhiteFideId "4197453"]
[BlackFideId "400548"]
[WhiteElo "2039"]
[BlackElo "2426"]
[Result "0-1"]
[Round "07"]
[TimeControl "180+2"]
[Date "2023.03.07"]
[WhiteClock "0:01:21"]
[BlackClock "0:00:31"]

1. e4 e5 2. Nf3 d5 3. exd5 e4 4. Nd4 Qxd5 5. Nb3 Nf6 6. Nc3 Qe5 7. Be2 Bd6 8. d4 exd3 9. Qxd3 Bf5 10. Qd1 Nc6 11. g3 O-O-O 12. Bf4 Qe6 13. Bxd6 Rxd6 14. Qc1 Ne4 15. Qe3 Nxc3 16. Qxc3 Rdd8 17. Qc4 Rhe8 18. Qxe6+ Rxe6 19. Kf1 Bh3+ 20. Ke1 Bg4 0-1


[Site "https://www.chess.com"]

[Event "Titled Tuesday Blitz March 07 Early 2023"]
[White "Avazkhonov, Alikhon"]
[Black "De Souza, Cristiano Gomes"]
[WhiteFideId "14208504"]
[BlackFideId "2151758"]
[WhiteElo "1739"]
[BlackElo "2068"]
[Result "1-0"]
[Round "07"]
[TimeControl "180+2"]
[Date "2023.03.07"]
[WhiteClock "0:00:07"]
[BlackClock "0:00:28"]

1. d4 Nf6 2. c4 g6 3. Nc3 Bg7 4. e4 d6 5. f3 O-O 6. Be3 Nc6 7. Nge2 a6 8. Qd2 Rb8 9. Rc1 Bd7 10. Nd1 b5 11. c5 e6 12. Nf2 Re8 13. h4 h5 14. g4 Qe7 15. Bg5 Qf8 16. Ng3 hxg4 17. fxg4 e5 18. d5 Nd4 19. Be2 Nh7 20. c6 Bc8 21. Be3 f5 22. gxf5 gxf5 23. Nh5 Nxe2 24. Qxe2 f4 25. Bd2 f3 26. Qe3 Nf6 27. Nxg7 Qxg7 28. Kd1 Kf8 29. Kc2 Qh7 30. Qxf3 Kf7 31. Bg5 Qg6 32. Rcf1 Rf8 33. Ng4 Kg7 34. Nxf6 Be6 35. dxe6 Rbe8 36. Nxe8+ Rxe8 37. Qf7+ Qxf7 38. Rxf7+ Kg6 39. Rf6+ Kh5 40. Rhf1 Rg8 41. Rh6+ Kg4 42. e7 Re8 43. Rf8 d5 44. Rxe8 dxe4 45. Rg8 Kf3 46. e8=Q e3 47. Qxe5 1-0


[Site "https://www.chess.com"]

[Event "Titled Tuesday Blitz March 07 Early 2023"]
[White "Torres Hernandez, Leslie Carolin"]
[Black "Mouhamad, Joachim"]
[WhiteFideId "8400504"]
[BlackFideId "656410"]
[WhiteElo "1920"]
[BlackElo "2164"]
[Result "0-1"]
[Round "07"]
[TimeControl "180+2"]
[Date "2023.03.07"]
[WhiteClock "0:00:30"]
[BlackClock "0:01:12"]

1. e4 c5 2. Nf3 Nc6 3. Bb5 g6 4. c3 Nf6 5. e5 Nd5 6. d4 cxd4 7. cxd4 Bg7 8. O-O O-O 9. Nc3 Nxc3 10. bxc3 d6 11. exd6 Qxd6 12. Qa4 Bg4 13. Ba3 Qf4 14. Ne1 a6 15. Bxc6 bxc6 16. Nd3 Qf5 17. Nc5 Be2 18. Rfe1 Bb5 19. Qa5 e5 20. Ne4 exd4 21. Bxf8 Rxf8 22. Ng3 Qd5 23. cxd4 Bxd4 24. Rad1 c5 25. a4 Qa2 26. Qc7 Bxf2+ 0-1


[Site "https://www.chess.com"]

[Event "Titled Tuesday Blitz March 07 Early 2023"]
[White "Chakravarthi Reddy, M"]
[Black "Pino Perez, Lazaro"]
[WhiteFideId "25009532"]
[BlackFideId "3517055"]
[WhiteElo "2201"]
[BlackElo "2170"]
[Result "0-1"]
[Round "07"]
[TimeControl "180+2"]
[Date "2023.03.07"]
[WhiteClock "0:00:38"]
[BlackClock "0:00:42"]

1. c4 c5 2. Nf3 g6 3. d4 cxd4 4. Nxd4 Nc6 5. Nc3 Nf6 6. e4 d6 7. Be3 Ng4 8. Nxc6 Nxe3 9. Nxd8 Nxd1 10. Nxd1 Kxd8 11. Ne3 Bh6 12. O-O-O Bxe3+ 13. fxe3 Kc7 14. Be2 Be6 15. b3 h5 16. Kb2 a5 17. a4 h4 18. Rd2 f6 19. Rc1 Kb6 20. Bf3 Rac8 21. Rd4 Rc5 22. h3 Rg5 23. Rcd1 Kc7 24. R1d2 Rg3 25. Rc2 b6 26. Bd1 Rxe3 27. Bf3 Bxh3 28. Kc1 Rxb3 29. Rb2 Rxb2 30. Kxb2 Be6 31. Kc3 g5 32. Rd2 g4 33. Be2 h3 34. gxh3 gxh3 35. Bf3 h2 36. Bh1 Rh3+ 37. Kd4 Bd7 38. Rg2 Bxa4 39. Rg7 Kd7 40. Rg2 Bb3 41. Rb2 a4 42. Rb1 Bc2 43. Rxb6 Rd3# 0-1


[Site "https://www.chess.com"]

[Event "Titled Tuesday Blitz March 07 Early 2023"]
[White "SicilianPanzer"]
[Black "Bochnicka, Vladimir"]
[BlackFideId "14943450"]
[WhiteElo "2256"]
[BlackElo "2094"]
[Result "0-1"]
[Round "07"]
[TimeControl "180+2"]
[Date "2023.03.07"]
[WhiteClock "0:00:01"]
[BlackClock "0:00:39"]

1. d4 Nf6 2. c4 c5 3. d5 b5 4. cxb5 a6 5. f3 g6 6. e4 d6 7. Nc3 Bg7 8. Bc4 O-O 9. a4 axb5 10. Nxb5 Nbd7 11. Be3 Nb6 12. b3 Nfd7 13. Ra2 Ne5 14. Qc2 f5 15. Ne2 fxe4 16. fxe4 Qd7 17. Rf1 Rxf1+ 18. Kxf1 Qg4 19. Ng3 Bd7 20. Be2 Qh4 21. Kg1 Bxb5 22. axb5 Rf8 23. Ra6 Nbd7 24. b6 Nf6 25. b7 Nfg4 26. Bxg4 Nxg4 27. h3 Nxe3 28. Qe2 Qxg3 29. Ra8 Bd4 30. Rxf8+ Kg7 31. Rf3 Ng4+ 32. Kh1 Qh2# 0-1


[Site "https://www.chess.com"]

[Event "Titled Tuesday Blitz March 07 Early 2023"]
[White "Zhukova, Natalia"]
[Black "Kohler, Aran"]
[WhiteFideId "14101513"]
[BlackFideId "1002856"]
[WhiteElo "2297"]
[BlackElo "2247"]
[Result "1-0"]
[Round "07"]
[TimeControl "180+2"]
[Date "2023.03.07"]
[WhiteClock "0:00:15"]
[BlackClock "0:00:15"]

1. c4 e5 2. Nc3 Nf6 3. Nf3 e4 4. Ng5 b5 5. Ngxe4 Nxe4 6. Nxe4 bxc4 7. d4 d5 8. Ng3 Bb4+ 9. Bd2 Qe7 10. Qa4+ Nd7 11. Bxb4 Qe6 12. e3 Bb7 13. Be2 a5 14. Ba3 Bc6 15. Qc2 g6 16. e4 Nb6 17. e5 f6 18. exf6 Qxf6 19. O-O Kf7 20. Qd2 h5 21. h3 Rae8 22. Bf3 a4 23. Rae1 h4 24. Rxe8 Rxe8 25. Ne2 g5 26. Nc3 Qf5 27. Re1 Qd3 28. Qxd3 cxd3 29. Rxe8 Kxe8 30. Kf1 Kf7 31. Ke1 Nc4 32. Bxd5+ Bxd5 33. Nxd5 Ke6 34. Nb4 d2+ 35. Kd1 Kf5 36. Nd5 Ke4 37. Ne3 Kxd4 38. Nxc4 Kxc4 39. Kxd2 Kd4 40. Be7 1-0


[Site "https://www.chess.com"]

[Event "Titled Tuesday Blitz March 07 Early 2023"]
[White "sissahungrychess"]
[Black "Fajdetic, Hrvoje"]
[BlackFideId "14501945"]
[WhiteElo "2397"]
[BlackElo "2185"]
[Result "1-0"]
[Round "07"]
[TimeControl "180+2"]
[Date "2023.03.07"]
[WhiteClock "0:02:09"]
[BlackClock "0:02:05"]

1. c4 c5 2. Nc3 Nc6 3. Nf3 g6 4. g3 Bg7 5. Bg2 e5 6. O-O d6 7. Ne1 Nge7 8. Nc2 O-O 9. Ne3 f5 10. d3 f4 11. Ned5 g5 12. Rb1 Qe8 13. e3 Ng6 14. Nc7 Qf7 15. Bd5 Rb8 16. exf4 gxf4 17. Ne4 h6 18. Nxd6 1-0


[Site "https://www.chess.com"]

[Event "Titled Tuesday Blitz March 07 Early 2023"]
[White "Grabinsky, Vladimir"]
[Black "Bas Mas, Jose Joaquin"]
[WhiteFideId "14107074"]
[BlackFideId "22219064"]
[WhiteElo "2027"]
[BlackElo "2233"]
[Result "0-1"]
[Round "07"]
[TimeControl "180+2"]
[Date "2023.03.07"]
[WhiteClock "0:00:06"]
[BlackClock "0:00:31"]

1. e4 e6 2. Nf3 d5 3. e5 c5 4. b4 b6 5. c3 Qd7 6. a3 Ba6 7. Bxa6 Nxa6 8. d4 Ne7 9. O-O Nc7 10. Nbd2 Nc6 11. Qe2 Be7 12. dxc5 bxc5 13. Nb3 O-O 14. Rd1 c4 15. Nbd4 Nxd4 16. Nxd4 Qa4 17. Qg4 Rfb8 18. Bh6 Bf8 19. h4 a5 20. h5 axb4 21. Bxg7 Bxg7 22. h6 Ne8 23. cxb4 Qd7 24. b5 Kh8 25. hxg7+ Nxg7 26. a4 Rg8 27. Qh4 Qc7 28. Qf6 c3 29. Rdc1 Qc4 30. Nc6 d4 31. Ne7 d3 32. Nxg8 Rxg8 33. b6 d2 34. Rc2 Qe4 35. Rxc3 Qe1+ 36. Rxe1 dxe1=Q+ 37. Kh2 Qxc3 38. b7 Qb4 39. Qe7 Qxe7 0-1


[Site "https://www.chess.com"]

[Event "Titled Tuesday Blitz March 07 Early 2023"]
[White "Andrews, Todd"]
[Black "Rosh Jain"]
[WhiteFideId "2012456"]
[BlackFideId "25789465"]
[WhiteElo "2390"]
[BlackElo "2233"]
[Result "1-0"]
[Round "07"]
[TimeControl "180+2"]
[Date "2023.03.07"]
[WhiteClock "0:00:14"]
[BlackClock "0:00:16"]

1. e4 c5 2. Nf3 d6 3. d4 cxd4 4. Nxd4 Nf6 5. Nc3 a6 6. Bc4 e6 7. Bb3 Be7 8. Qe2 O-O 9. g4 b5 10. g5 Nfd7 11. h4 Nc5 12. Be3 b4 13. Na4 Nxe4 14. O-O-O Bd7 15. Nxe6 fxe6 16. Bb6 Bxg5+ 17. Kb1 Qe7 18. Qxe4 d5 19. Rxd5 exd5 20. Qxd5+ Kh8 21. hxg5 Bc6 22. g6 Bxd5 23. Rxh7+ Kg8 24. Bxd5+ Rf7 25. Bxf7+ Qxf7 26. gxf7+ Kxf7 27. Rh8 a5 28. b3 g6 29. Bc7 Ra7 30. Bxb8 Ra6 1-0


[Site "https://www.chess.com"]

[Event "Titled Tuesday Blitz March 07 Early 2023"]
[White "Bashirli, Saadat"]
[Black "Leve, Nitai"]
[WhiteFideId "13429990"]
[BlackFideId "2006898"]
[WhiteElo "1408"]
[BlackElo "2144"]
[Result "0-1"]
[Round "07"]
[TimeControl "180+2"]
[Date "2023.03.07"]
[WhiteClock "0:01:12"]
[BlackClock "0:01:13"]

1. e4 e6 2. d4 d5 3. Nc3 Nf6 4. Bg5 dxe4 5. Nxe4 Be7 6. Bxf6 gxf6 7. Nf3 f5 8. Ng3 a6 9. Bd3 b5 10. c3 Bb7 11. O-O Nd7 12. Re1 Kf8 13. Qd2 h5 14. Ne5 h4 15. Nxd7+ Qxd7 16. Ne2 Rg8 17. Nf4 Bg5 18. Bf1 Qd6 19. g3 hxg3 20. fxg3 Bxf4 21. Qf2 Bxg3 22. hxg3 Rxg3+ 23. Kh2 Rg2+ 0-1


[Site "https://www.chess.com"]

[Event "Titled Tuesday Blitz March 07 Early 2023"]
[White "Szyszylo, Rafal"]
[Black "Kuchava, Ana"]
[WhiteFideId "1109626"]
[BlackFideId "13605348"]
[WhiteElo "1951"]
[BlackElo "2001"]
[Result "1-0"]
[Round "07"]
[TimeControl "180+2"]
[Date "2023.03.07"]
[WhiteClock "0:00:07"]
[BlackClock "0:00:05"]

1. e4 c5 2. Nf3 d6 3. d4 cxd4 4. Nxd4 Nf6 5. Nc3 Nc6 6. Bc4 e6 7. Be3 a6 8. Qe2 Qc7 9. O-O-O Na5 10. Bd3 b5 11. g4 Bb7 12. g5 Nd7 13. Qh5 g6 14. Qg4 Nc5 15. a3 Bc8 16. Qg2 Rb8 17. f4 b4 18. axb4 Rxb4 19. Nde2 Bg7 20. f5 Be5 21. fxe6 fxe6 22. Rhf1 Bb7 23. Bf4 Nxe4 24. Bxe4 Bxe4 25. Nxe4 Nb3+ 26. Kb1 Nd2+ 27. Rxd2 Rxb2+ 28. Kc1 Qa5 29. Kd1 Qa1+ 30. Nc1 Rb1 31. Re2 Bxf4 32. Rxf4 Rxc1+ 33. Kd2 Qd4+ 34. Kxc1 Qa1+ 35. Kd2 Qd4+ 36. Ke1 Qa1+ 37. Kf2 Qd4+ 38. Kg3 1-0


[Site "https://www.chess.com"]

[Event "Titled Tuesday Blitz March 07 Early 2023"]
[White "Thomas, Anysia"]
[Black "Valle Maytin, Luis Enrique"]
[WhiteFideId "670472"]
[BlackFideId "3503666"]
[WhiteElo "2091"]
[BlackElo "2225"]
[Result "1-0"]
[Round "07"]
[TimeControl "180+2"]
[Date "2023.03.07"]
[WhiteClock "0:00:11"]
[BlackClock "0:00:06"]

1. d4 Nf6 2. c4 e6 3. Nf3 b6 4. g3 Bb7 5. Bg2 Be7 6. O-O O-O 7. d5 exd5 8. Nh4 Re8 9. Nf5 Bf8 10. Nc3 d6 11. Bg5 Nbd7 12. Nxd5 Bxd5 13. Bxd5 Rc8 14. Nd4 c5 15. Nf5 Qc7 16. e3 Nxd5 17. cxd5 Re5 18. g4 Qb7 19. Qf3 Rce8 20. Rad1 c4 21. Bf4 Nc5 22. Bxe5 Rxe5 23. Rd4 b5 24. Rfd1 g6 25. Ng3 Bg7 26. Qg2 a6 27. Ne4 Na4 28. Nxd6 Qd7 29. Ne4 Nxb2 30. Nc5 Qd6 31. Qg3 Qxc5 32. d6 Re8 33. d7 Rd8 34. Rd5 Qb6 35. R1d2 c3 36. Rd1 c2 37. Rc1 Qc6 38. Qd6 Bf6 39. Qxc6 Be7 40. Qc8 Kf8 41. Qc6 b4 42. Rd3 a5 43. Rc3 bxc3 44. Qxc3 Rxd7 45. Qxb2 Rd1+ 46. Kg2 Bf6 47. Qb8+ Kg7 48. Rxc2 Rd7 49. Qg3 a4 50. h4 a3 51. Re2 Rd5 52. g5 Be5 53. f4 Bd6 54. Rf2 Rd3 55. Qf3 Bf8 56. Re2 Kg8 57. h5 Rc3 58. hxg6 hxg6 59. f5 gxf5 60. Qxf5 Rc5 61. Qf4 Bg7 62. e4 Be5 63. Qf3 Bg7 64. e5 Bxe5 65. g6 fxg6 66. Qa8+ Kh7 67. Qa7+ Kh6 68. Qxc5 Bf6 69. Qd5 1-0


[Site "https://www.chess.com"]

[Event "Titled Tuesday Blitz March 07 Early 2023"]
[White "Tyagi, Kushan"]
[Black "Sailer, Mike"]
[WhiteFideId "2040069"]
[BlackFideId "2012901"]
[WhiteElo "2352"]
[BlackElo "2109"]
[Result "1-0"]
[Round "07"]
[TimeControl "180+2"]
[Date "2023.03.07"]
[WhiteClock "0:00:08"]
[BlackClock "0:00:04"]

1. d4 d5 2. c4 Bf5 3. cxd5 Bxb1 4. Rxb1 Qxd5 5. a3 Nc6 6. Nf3 O-O-O 7. Bf4 Nxd4 8. Nxd4 Qxd4 9. Qxd4 Rxd4 10. e3 Rd7 11. Be2 Nf6 12. O-O e6 13. Rfc1 Bd6 14. Bxd6 Rxd6 15. Rc2 Rhd8 16. Rbc1 c6 17. b4 Rd2 18. b5 Rxc2 19. Rxc2 Rd6 20. a4 Kd7 21. bxc6+ bxc6 22. Rb2 Kc7 23. a5 Rd8 24. h4 Rb8 25. Rc2 Nd5 26. g4 Rb4 27. Kg2 Ra4 28. a6 Kb6 29. Rb2+ Rb4 30. Ra2 c5 31. Bd3 h6 32. Kg3 c4 33. Bf1 c3 34. Rc2 Rb2 35. Rc1 Kc5 36. e4 Nb4 37. Rxc3+ Kd4 38. Rc7 Kxe4 39. Rxf7 Rb1 40. Be2 Rb2 41. Bf3+ Ke5 42. Rxa7 Nd3 43. Rf7 Rb3 44. a7 Ra3 45. a8=Q 1-0


[Site "https://www.chess.com"]

[Event "Titled Tuesday Blitz March 07 Early 2023"]
[White "Aanan, Shafiuddin"]
[Black "Vaglio Munoz, Jaime"]
[WhiteFideId "3242633"]
[BlackFideId "6500145"]
[WhiteElo "1648"]
[BlackElo "2199"]
[Result "0-1"]
[Round "07"]
[TimeControl "180+2"]
[Date "2023.03.07"]
[WhiteClock "0:00:10"]
[BlackClock "0:00:26"]

1. e4 c6 2. d4 d5 3. e5 Bf5 4. h4 h5 5. Bd3 Bxd3 6. Qxd3 Qa5+ 7. Nd2 e6 8. Nf3 Nh6 9. O-O Qa6 10. c4 Nf5 11. Qc3 Nd7 12. b3 Be7 13. a4 Nxh4 14. Nxh4 Bxh4 15. Ba3 Be7 16. Bxe7 Kxe7 17. Qb4+ Ke8 18. a5 h4 19. Qd6 Rd8 20. Rfc1 h3 21. g3 Nf6 22. Qc5 Ng4 23. b4 b5 24. cxb5 Qxb5 25. Nf3 Qe2 26. Qxc6+ Kf8 27. Qc5+ Kg8 28. Rc2 Qxf3 0-1


[Site "https://www.chess.com"]

[Event "Titled Tuesday Blitz March 07 Early 2023"]
[White "MrAnnihilation"]
[Black "Kho, Darrell"]
[BlackFideId "1019317"]
[WhiteElo "2350"]
[BlackElo "2175"]
[Result "1-0"]
[Round "07"]
[TimeControl "180+2"]
[Date "2023.03.07"]
[WhiteClock "0:00:17"]
[BlackClock "0:00:06"]

1. e4 e6 2. d3 d5 3. Qe2 Nc6 4. Nf3 dxe4 5. dxe4 e5 6. c3 Nf6 7. Qc2 Bg4 8. Nbd2 a5 9. Bb5 Bc5 10. Nxe5 O-O 11. Bxc6 bxc6 12. O-O Re8 13. Nxg4 Nxg4 14. Nf3 Qe7 15. h3 Ne5 16. Nd4 Qh4 17. Be3 Rad8 18. Nf5 Nf3+ 19. Kh1 Qh5 20. Bxc5 Re6 21. Qe2 1-0


[Site "https://www.chess.com"]

[Event "Titled Tuesday Blitz March 07 Early 2023"]
[White "Matveeva, Olga"]
[Black "Lorenzo De La Riva, Lazaro"]
[WhiteFideId "24107018"]
[BlackFideId "2268809"]
[WhiteElo "2056"]
[BlackElo "2294"]
[Result "1-0"]
[Round "07"]
[TimeControl "180+2"]
[Date "2023.03.07"]
[WhiteClock "0:00:11"]
[BlackClock "0:00:03"]

1. d4 Nf6 2. c4 e6 3. g3 c6 4. Bg2 d5 5. Nf3 Be7 6. O-O O-O 7. Qc2 b6 8. Nbd2 Bb7 9. e4 Na6 10. e5 Nd7 11. cxd5 cxd5 12. Re1 Rc8 13. Qa4 Ndb8 14. Bf1 Bc6 15. Qd1 Qd7 16. Qb3 Ba4 17. Qe3 Nb4 18. Bd3 Bc2 19. Bf1 Bg6 20. Nb3 Nc2 21. Qf4 Nxe1 22. Nxe1 f6 23. Bd2 fxe5 24. Qxe5 Bf6 25. Qe3 Nc6 26. Bh3 Rce8 27. Nd3 Bf5 28. Bg2 Qd6 29. Re1 h6 30. Bc3 Bxd3 31. Qxd3 Nb4 32. Qb1 a5 33. a3 Nc6 34. Nd2 g5 35. Qg6+ Bg7 36. Nf3 Re7 37. Ne5 Nxe5 38. dxe5 Qc5 39. Re2 d4 40. Be1 d3 41. Qxd3 Ref7 42. Qg6 Qc1 43. Be4 Rxf2 44. Qh7+ Kf7 45. Kxf2 Ke7+ 46. Kg2 Rf7 47. Qg6 1-0


[Site "https://www.chess.com"]

[Event "Titled Tuesday Blitz March 07 Early 2023"]
[White "ritanovikova"]
[Black "Rostomyan, Mikayel"]
[BlackFideId "13313754"]
[WhiteElo "2140"]
[BlackElo "2009"]
[Result "0-1"]
[Round "07"]
[TimeControl "180+2"]
[Date "2023.03.07"]
[WhiteClock "0:01:38"]
[BlackClock "0:01:38"]

1. e4 c5 2. Nc3 Nc6 3. d3 g6 4. Be3 b6 5. Qd2 Bg7 6. g3 e6 7. Bg2 Bb7 8. h4 h5 9. Qd1 Nge7 10. Qd2 d5 11. exd5 exd5 12. Nd1 O-O 13. Bh6 Bxh6 14. Qxh6 Nf5 15. Qd2 Re8+ 16. Kf1 Qf6 17. Nf3 Ne5 18. Nxe5 Rxe5 19. Nc3 Nxg3+ 20. Kg1 Nf5 21. f4 Re7 22. Bxd5 Bxd5 23. Nxd5 Qd4+ 24. Kg2 Qxd5+ 0-1


[Site "https://www.chess.com"]

[Event "Titled Tuesday Blitz March 07 Early 2023"]
[White "Melikhov, Evgeny V."]
[Black "Ardila, Oscar Humberto"]
[WhiteFideId "4122046"]
[BlackFideId "4404742"]
[WhiteElo "2158"]
[BlackElo "1911"]
[Result "0-1"]
[Round "07"]
[TimeControl "180+2"]
[Date "2023.03.07"]
[WhiteClock "0:00:13"]
[BlackClock "0:00:20"]

1. d4 Nf6 2. c4 g6 3. Nc3 Bg7 4. e4 d6 5. f3 O-O 6. Be3 c6 7. Bd3 a6 8. Nge2 Qc7 9. O-O Nbd7 10. Rc1 e5 11. d5 cxd5 12. cxd5 Qd8 13. b4 Nh5 14. a4 f5 15. exf5 gxf5 16. a5 Ndf6 17. Na4 e4 18. Bb1 exf3 19. gxf3 Qe8 20. Bd4 Bd7 21. Nb6 Bb5 22. Bd3 Rd8 23. Bxb5 Qxb5 24. Ng3 Nxg3 25. hxg3 Qxb4 26. Rc7 Rf7 27. Rxf7 Kxf7 28. Qd3 Qxa5 29. Qxf5 Qb5 30. Qe6+ Kg6 31. g4 Qd3 32. Bxf6 Bxf6 33. Kg2 Qd2+ 34. Rf2 Qf4 35. Nd7 Rxd7 36. Qxd7 Be5 37. Qf5+ Qxf5 38. gxf5+ Kxf5 39. Rc2 b5 40. Kf2 b4 41. Rc4 b3 42. Rb4 b2 43. Ke3 a5 44. Rb5 a4 45. Kd3 a3 46. Kc2 a2 0-1


[Site "https://www.chess.com"]

[Event "Titled Tuesday Blitz March 07 Early 2023"]
[White "Dwilewicz, Katarzyna"]
[Black "Vanek, Tomas"]
[WhiteFideId "1148486"]
[BlackFideId "313459"]
[WhiteElo "2065"]
[BlackElo "2052"]
[Result "1-0"]
[Round "07"]
[TimeControl "180+2"]
[Date "2023.03.07"]
[WhiteClock "0:00:06"]
[BlackClock "0:00:05"]

1. e4 c5 2. Nf3 Nc6 3. c3 Nf6 4. e5 Nd5 5. d4 cxd4 6. Bc4 e6 7. cxd4 d6 8. exd6 Bxd6 9. O-O O-O 10. Nc3 Nf6 11. Bg5 Be7 12. Re1 h6 13. Bh4 Nb4 14. Qe2 Nbd5 15. Nxd5 Nxd5 16. Bxe7 Nxe7 17. Rad1 Nd5 18. Ne5 a6 19. Qg4 Nf6 20. Qh4 b5 21. Bd3 Bb7 22. Bb1 Rc8 23. h3 Qd5 24. Qg3 Rfd8 25. Re3 b4 26. Rf3 Kf8 27. Qh4 Rc7 28. Kh2 Qd6 29. Rg3 Qe7 30. Bg6 Ng8 31. Qxe7+ Rxe7 32. Bc2 Rc7 33. Bb3 Bd5 34. Bxd5 Rxd5 35. Rb3 a5 36. a3 Rb7 37. axb4 Rxb4 38. Rxb4 axb4 39. f4 Nf6 40. Kg3 Ne4+ 41. Kf3 Nd6 42. b3 Nf5 43. Ke4 Nd6+ 44. Kd3 Nb5 45. Kc4 f6 46. Nc6 Kf7 47. Nxb4 Rf5 48. g4 Nd6+ 49. Kd3 Rxf4 50. Nc2 Rf3+ 51. Ne3 Rxh3 52. b4 Nb7 53. b5 Rg3 54. Ra1 Rg1 55. Ra7 Kg6 56. Rxb7 Kg5 57. b6 Kf4 58. Rxg7 Rb1 59. b7 Rb4 60. Nc4 Rb3+ 61. Kc2 Rb4 62. Nd6 Rb6 63. Rg8 Ke3 64. b8=Q Rxb8 65. Rxb8 Kxd4 66. Rh8 Ke5 67. Nf7+ Kf4 68. Nxh6 Kg5 69. Nf7+ Kf4 70. Kd3 Kf3 71. Rg8 e5 72. Nd6 e4+ 73. Nxe4 f5 74. gxf5 Kf4 75. f6 Ke5 76. f7 Ke6 77. f8=Q Kd7 78. Qf7+ Kc6 79. Rg6+ Kb5 80. Qb7+ Ka4 81. Ra6# 1-0


[Site "https://www.chess.com"]

[Event "Titled Tuesday Blitz March 07 Early 2023"]
[White "Castillo Pena, Patricia Evarista"]
[Black "Dishman, Stephen"]
[WhiteFideId "6412106"]
[BlackFideId "403024"]
[WhiteElo "1919"]
[BlackElo "2204"]
[Result "0-1"]
[Round "07"]
[TimeControl "180+2"]
[Date "2023.03.07"]
[WhiteClock "0:00:08"]
[BlackClock "0:01:39"]

1. d4 d5 2. Nf3 Nf6 3. e3 Bf5 4. c4 c6 5. Qb3 Qb6 6. c5 Qc7 7. Nc3 Nbd7 8. Qd1 h6 9. b4 e5 10. Bb2 e4 11. Nd2 Be7 12. Be2 O-O 13. a4 Bg6 14. O-O Nh7 15. b5 f5 16. a5 a6 17. b6 Qd8 18. Qb3 Ndf6 19. Rfe1 Bh5 20. Bxh5 Nxh5 21. Ne2 g5 22. Ng3 Nxg3 23. hxg3 Nf6 24. f3 Qd7 25. Rad1 Kg7 26. Rf1 Rae8 27. Rf2 Qe6 28. f4 Ng4 29. Rff1 Qg6 30. Qc2 Qh5 31. Rfe1 Qh2+ 32. Kf1 Qh1+ 33. Ke2 Qxg2# 0-1


[Site "https://www.chess.com"]